AoeStats
← Iguano Pop

Arabia

508604496Analyzed
1v1 RM · 9d ago on Sep 23, 2026· 39m 34s· 2 players
Game mode
Random Map
Map size
Tiny (2 player)
Population
200
Speed
Normal
Resources
Standard
Victory
Conquest
Starting age
Dark Age
Ending age
Imperial Age
RankedLock teamsTeams togetherTeam positionsShared explorationLock speedFull tech treeHidden civsTurbo modeCheats
Victory
Defeat
🇹🇼 Tatars · Taiwan
1374
+14
🇲🇽 Poles · Mexico
1322
-14
Iguano Pop
7:07 Loom
10:01 Feudal Age
10:45 Double-Bit Axe
13:42 Town Watch
14:59 Fletching
20:35 Padded Archer Armor
28:18 Castle Age
28:29 Crossbowman
29:05 Bodkin Arrow
29:34 Thumb Ring
31:56 Ballistics
33:38 Leather Archer Armor
3000elo player
2:40 Loom
11:15 Feudal Age
12:23 Gold Mining
12:20 Double-Bit Axe
19:23 Fletching
22:01 Wheelbarrow
21:31 Padded Archer Armor
27:45 Castle Age
27:04 Scale Barding Armor
27:12 Bloodlines
28:03 Light Cavalry
29:06 Chain Barding Armor
28:31 Crossbowman
29:15 Bodkin Arrow
30:59 Husbandry
32:59 Forging
35:41 Horse Collar
36:23 Heavy Plow
36:19 Stone Mining
36:43 Elite Skirmisher
38:38 Leather Archer Armor
Connection lost

Rejoining the realm…

Still unreachable

The connection could not be restored.

Session expired

The server has moved on; the page needs a fresh start.